 Dungeon Crawl Stone Soup version 0.27.1-33-g824d729ab1 (webtiles) character file.

Game seed: 18058880058078039729

8 vvl the Covered (level 2, 0/19 HPs)
             Began as a Tengu Fighter on Dec 29, 2021.
             Was an Initiate of Ashenzari.
             Engulfed by a cloud of flame (19 damage)
             ... on level 1 of the Dungeon.
             The game lasted 00:02:00 (282 turns).

vvl the Covered (Tengu Fighter)                      Turns: 282, Time: 00:02:01

Health: 0/19       AC:  6    Str: 16    XL:     2   Next: 8%
Magic:  3/3        EV:  7    Int:  8    God:    Ashenzari [......]
Gold:   15         SH:  9    Dex: 13    Spells: 1/1 levels left

rFire    . . .     SeeInvis .   a - +0 trident
rCold    . . .     Faith    .   c - +0 kite shield
rNeg     . . .     Spirit   .   b - +0 scale mail
rPois    .         Reflect  .   (helmet restricted)
rElec    .         Harm     .   (no cloak)
rCorr    .         Rampage  .   (no gloves)
Will     .....                  (boots unavailable)
Stlth    ..........             (no amulet)
HPRegen  0.06/turn              (no ring)
MPRegen  0.08/turn              (no ring)

@: no status effects
A: beak, talons 3
a: Renounce Religion, Curse Item


You were on level 1 of the Dungeon.
You worshipped Ashenzari.
Ashenzari was noncommittal.
You visited 1 branch of the dungeon, and saw 1 of its levels.

You collected 15 gold pieces.

Inventory:

Hand Weapons
 a - a +0 trident (weapon)
Armour
 b - a +0 scale mail (worn)
 c - a +0 kite shield (worn)
Scrolls
 e - a scroll of teleportation
Potions
 d - a potion of might


   Skills:
 + Level 3.1 Fighting
 + Level 2.4 Polearms
 + Level 3.4 Armour
 + Level 0.2 Dodging
 + Level 3.1 Shields


You had one spell level left.
You didn't know any spells.
Your spell library was empty.

Dungeon Overview and Level Annotations

Branches:
Dungeon (1/15)

Altars:
Ashenzari


Innate Abilities, Weirdness & Mutations

You have a beak for a mouth.
You have claws for feet.


Message History

No target in view!
Ashenzari invites you to partake of a vision and a curse of evocations and elements.
HP restored.
A hobgoblin comes into view.
The hobgoblin shouts!
No target in view!
No target in view!
No target in view!
No target in view!
You reach to attack!
You hit the hobgoblin.
The hobgoblin is severely wounded.
The hobgoblin hits you but does no damage.
You closely miss the hobgoblin.
The hobgoblin is severely wounded.
You block the hobgoblin's attack.
You closely miss the hobgoblin. You claw the hobgoblin.
You kill the hobgoblin!
You have reached level 2!
You open the door.
A hobgoblin comes into view.
The hobgoblin shouts!
A hobgoblin is nearby!
A hobgoblin is nearby!
A hobgoblin is nearby!
You closely miss the hobgoblin. You claw the hobgoblin.
The hobgoblin is heavily wounded.
The hobgoblin hits you but does no damage.
You barely miss the hobgoblin. You claw the hobgoblin.
You kill the hobgoblin!
No target in view!
No target in view!
Really walk into a travel-excluded area?
You now have 15 gold pieces.
Why would you want to do that?
Stopped running for exclusion.
Why would you want to do that?
Really walk into that cloud of flame?
You are engulfed in blazing flames.
Ouch! That really hurt!
You die...

.......................
............###.......#
.....###....###.......#
.....# #.#.............
.....# #.##.###.#########
.....# #.##+#...........#
.....# #.# #...........#
....## #.##+#.#..#..#...#
....####....+.○°@.......#
###>.....####.8........<#
#.####....+..≈........#
#.####.##+#.#..#..#...#
#.#.....#.#...........#
#.......#†#...........#
### ###...###.#########
###............
##.##########


There were no monsters in sight!

Vanquished Creatures
  An endoplasm (D:1)
  A giant cockroach (D:1)
  2 hobgoblins (D:1)
  A quokka (D:1)
  A bat (D:1)
  A frilled lizard (D:1)
7 creatures vanquished.

Notes
Turn   | Place    | Note
-------+----------+-------------------------------------------
     0 | D:1      | vvl the Tengu Fighter began the quest for the Orb.
     0 | D:1      | Reached XP level 1. HP: 14/14 MP: 2/2
    86 | D:1      | Found a faded altar of an unknown god.
    98 | D:1      | Became a worshipper of Ashenzari the Shackled
   233 | D:1      | Reached XP level 2. HP: 19/19 MP: 3/3
   282 | D:1      | Engulfed by a cloud of flame

Illustrated notes

Levels and vault maps discovered:
D:1:      shiori_arrival_oz, layout_basic, ebering_ecumenical_altar_ruins,
          hex_large

Action                   || total
-------------------------++-------
Melee: Trident           ||    14
       Kick              ||     4
       Peck              ||     1
Armor: Scale mail        ||     3
Dodge: Dodged            ||     1
Block: Kite shield       ||     1
